Hartford Whalers vs Vegas Golden Knights
Created - Monday, May 5, 2025 at 07:43
Goals
|
| Hartford Whalers |
0 |
2 |
2 |
4 |
| Vegas Golden Knights |
2 |
2 |
1 |
5 |
|
Shots
|
| Hartford Whalers |
11 |
10 |
14 |
35 |
| Vegas Golden Knights |
12 |
12 |
10 |
34 |
|
1st period
1. Vegas Golden Knights , Tyler Toffoli 23 (Sean Monahan 43, Joe Pavelski 22) at 2:41 (PP)
2. Vegas Golden Knights , Johnny Gaudreau 25 (Tyler Toffoli 26, Sean Monahan 44) at 7:27 (PP)
Penalties :
Kaiden Guhle (HFD) for Delaying the game (Minor) at 1:36, Charlie McAvoy (HFD) for Tripping (Minor) at 6:48, Thomas Chabot (VGK) for Roughing (Minor) at 13:47
2nd period
3. Hartford Whalers , Pierre-Luc Dubois 20 (Charlie McAvoy 21, Ryan Suter 8) at 11:39
4. Hartford Whalers , Ryan O'Reilly 22 (Kaiden Guhle 13, John Gibson) at 12:40
5. Vegas Golden Knights , Joe Pavelski 17 (Jordan Staal 18) at 12:48
6. Vegas Golden Knights , Auston Matthews 41 (Mathew Barzal 28, Bryan Rust 38) at 17:31
Penalties :
Charlie McAvoy (HFD) for Holding (Minor) at 8:32
3rd period
7. Hartford Whalers , Nick Suzuki 23 (Charlie McAvoy 22, Michael Carcone 2) at 1:51
8. Vegas Golden Knights , Bryan Rust 22 (Mathew Barzal 29, Auston Matthews 35) at 6:31
9. Hartford Whalers , Ryan O'Reilly 23 (Pierre-Luc Dubois 17, Samuel Girard 9) at 11:33
Penalties :
Michael Carcone (HFD) for Boarding (Minor) at 7:14, Roman Josi (VGK) for Tripping (Minor) at 15:30, Brendan Smith (VGK) for Interference (Minor) at 17:52
Goalie Stats
John Gibson (HFD), 29 saves from 34 shots - (0.853), L, 24-26-5, 59:43 minutes
Cayden Primeau (VGK), 31 saves from 35 shots - (0.886), W, 6-7-1, 60:00 minutes
Players Stats for Hartford Whalers
Player Name G A P +/- PIM S H SB GA TA FO MP PP MP PK MP
------------------------------------------------------------------------------------
Anthony Cirelli 0 0 0 -1 0 1 0 0 0 0 0/0 15:32 2:46 2:47
Charlie McAvoy 0 2 2 2 4 3 3 2 1 2 0/0 24:25 2:43 1:39
Devon Toews 0 0 0 -2 0 1 1 1 0 1 0/0 27:00 3:14 3:51
Jaden Schwartz 0 0 0 0 0 1 0 0 0 0 1/1 7:04 0:00 0:00
Josh Anderson 0 0 0 0 0 3 0 0 0 0 1/1 11:09 0:12 0:03
Joshua Norris 0 0 0 -1 0 3 1 0 2 1 8/10 15:32 2:46 2:51
Kaapo Kakko 0 0 0 1 0 3 2 1 1 0 0/1 15:24 0:12 0:00
Kaiden Guhle 0 1 1 1 2 1 1 0 0 2 0/0 18:21 2:43 1:42
Michael Carcone 0 1 1 1 2 3 1 0 1 1 1/1 15:17 0:00 0:00
Miles Wood 0 0 0 0 0 0 0 0 0 0 0/0 9:54 0:00 2:44
Morgan Frost 0 0 0 0 0 0 0 0 0 1 3/3 7:51 0:28 0:00
Nick Suzuki 1 0 1 1 0 5 5 0 1 0 10/18 17:16 2:30 0:00
Pierre-Luc Dubois 1 1 2 1 0 2 1 1 0 0 1/2 19:21 2:59 0:12
Ryan O'Reilly 2 0 2 0 0 4 0 0 0 0 16/27 20:48 2:59 2:47
Ryan Suter 0 1 1 2 0 1 1 1 0 0 0/0 15:11 0:00 0:15
Samuel Girard 0 1 1 -2 0 0 3 2 0 0 0/0 21:24 3:14 3:42
Seth Jones 0 0 0 2 0 0 0 2 0 0 0/0 14:44 0:00 0:15
Tom Wilson 0 0 0 0 0 4 1 0 0 0 0/4 18:01 2:59 0:00
Players Stats for Vegas Golden Knights
Player Name G A P +/- PIM S H SB GA TA FO MP PP MP PK MP
------------------------------------------------------------------------------------
Auston Matthews 1 1 2 0 0 2 0 0 0 1 8/20 17:15 2:48 0:00
Brendan Smith 0 0 0 -1 2 2 0 1 0 0 0/0 15:27 0:00 1:52
Bryan Rust 1 1 2 0 0 1 1 1 1 0 1/3 18:52 2:48 1:39
Cole Smith 0 0 0 -1 0 0 2 0 0 0 0/0 9:56 0:00 2:25
Danton Heinen 0 0 0 -1 0 0 1 1 1 1 0/2 21:23 0:00 2:05
Joe Pavelski 1 1 2 0 0 4 0 1 2 0 6/12 14:56 3:08 0:00
Johnny Gaudreau 1 0 1 0 0 5 2 0 0 0 0/0 17:22 2:54 0:00
Jordan Staal 0 1 1 0 0 4 2 0 1 0 3/5 14:27 0:00 2:45
Marc-Edouard Vlasic 0 0 0 0 0 0 0 0 0 0 0/0 17:11 0:00 3:08
Mathew Barzal 0 2 2 0 0 2 1 0 1 0 1/2 17:31 2:48 0:07
Pierre-edouard Bellemare 0 0 0 -1 0 3 0 0 0 0 3/8 9:42 0:00 2:11
Reilly Smith 0 0 0 -1 0 0 0 1 0 0 0/0 3:42 2:34 0:00
Roman Josi 0 0 0 1 2 1 3 2 0 0 0/0 23:24 3:08 0:20
Ryan Graves 0 0 0 -1 0 1 1 0 0 1 0/0 16:08 0:00 2:49
Sean Monahan 0 2 2 0 0 0 1 0 2 0 5/15 17:22 2:54 0:00
Shea Theodore 0 0 0 1 0 2 0 2 0 2 0/0 22:48 0:00 3:08
Thomas Chabot 0 0 0 -1 2 1 0 0 0 1 0/0 18:30 2:34 0:37
Tyler Toffoli 1 1 2 0 0 6 3 1 0 0 0/1 18:04 2:54 0:42
3 Stars
1 - Tyler Toffoli (VGK)
2 - Ryan O'Reilly (HFD)
3 - Pierre-Luc Dubois (HFD)
Power Play
Hartford Whalers - 0 on 3 Attempt(s) - 0.00%
Vegas Golden Knights - 2 on 4 Attempt(s) - 50.00%
Penalty Kill
Hartford Whalers - 2 on 4 Attempt(s) - 50.00%
- Score 0 goal in Penalty Kill
Vegas Golden Knights - 3 on 3 Attempt(s) - 100.00%
- Score 0 goal in Penalty Kill
Team Stat
Hartford Whalers - Hits : 20 - Faceoff Wins : 41 - Blocked Shots : 10 - Penalty Minutes : 8
Vegas Golden Knights - Hits : 17 - Faceoff Wins : 27 - Blocked Shots : 10 - Penalty Minutes : 6
Official
Referees : Kevin Pollock and Tom Chmielewski
Linesman : Kilian McNamara and Derek Nansen
Game Notes
No Game Note
Finance
Level 1 -- Attendance: 5597 (93.28%) -- Ticket Income $531,715
Level 2 -- Attendance: 5000 (100.00%) -- Ticket Income $275,000
Level 3 -- Attendance: 3000 (100.00%) -- Ticket Income $90,000
Level 4 -- Attendance: 4998 (99.96%) -- Ticket Income $99,960
Luxury Box -- Attendance: 1000 (100.00%) -- Ticket Income $190,000
Game was played at the T-Mobile Arena.
Total Attendance: 19595 (97.98%)
Total Ticket Income: $1,186,675
Other Income: $415,336
Total Income: $1,602,011
Hartford Whalers
5 vs 5 Forward
Center Left Wing Right Wing Time % Phy DF OF
1 Nick Suzuki Kaapo Kakko Michael Carcone 35 0 2 3
2 Ryan O'Reilly Pierre-Luc Dubois Tom Wilson 35 0 2 3
3 Joshua Norris Anthony Cirelli Josh Anderson 21 1 2 2
4 Morgan Frost Jaden Schwartz Miles Wood 9 1 2 2
5 vs 5 Defense
Defense Defense Time % Phy DF OF
1 Seth Jones Charlie McAvoy 30 1 2 2
2 Devon Toews Samuel Girard 30 1 2 2
3 Ryan Suter Kaiden Guhle 25 1 2 2
4 Devon Toews Charlie McAvoy 15 1 2 2
PowerPlay Forward
Center Left Wing Right Wing Time % Phy DF OF
1 Nick Suzuki Anthony Cirelli Joshua Norris 50 1 1 3
2 Ryan O'Reilly Pierre-Luc Dubois Tom Wilson 50 1 1 3
PowerPlay Defense
Defense Defense Time % Phy DF OF
1 Kaiden Guhle Charlie McAvoy 50 1 1 3
2 Devon Toews Samuel Girard 50 1 1 3
Penalty Kill 4 Players Forward
Center Wing Time % Phy DF OF
1 Ryan O'Reilly Anthony Cirelli 50 1 3 1
2 Joshua Norris Miles Wood 50 1 3 1
Penalty Kill 4 Players Defense
Defense Defense Time % Phy DF OF
1 Kaiden Guhle Charlie McAvoy 50 1 3 1
2 Devon Toews Samuel Girard 50 1 3 1
Penalty Kill - 3 Players Forward
Forward Time % Phy DF OF
1 Ryan O'Reilly 50 2 3 0
2 Joshua Norris 50 2 3 0
Penalty Kill - 3 Players Defense
Defense Defense Time % Phy DF OF
1 Samuel Girard Ryan Suter 50 2 3 0
2 Devon Toews Kaiden Guhle 50 2 3 0
4 vs 4 Forward
Center Wing Time % Phy DF OF
1 Ryan O'Reilly Joshua Norris 50 1 1 3
2 Nick Suzuki Anthony Cirelli 50 0 2 3
4 vs 4 Defense
Defense Defense Time % Phy DF OF
1 Ryan Suter Kaiden Guhle 50 1 2 2
2 Devon Toews Samuel Girard 50 1 2 2
Last Minutes Offensive
Center Left Wing Right Wing Defense Defense
Nick Suzuki Kaapo Kakko Michael Carcone Seth Jones Charlie McAvoy
Last Minutes Defensive
Center Left Wing Right Wing Defense Defense
Ryan O'Reilly Anthony Cirelli Tom Wilson Kaiden Guhle Charlie McAvoy
Goaltenders
Starting : John Gibson
Backup : Anton Forsberg
Extra Forwards
Normal : Nick Suzuki, Joshua Norris, Pierre-Luc Dubois - PP : Ryan O'Reilly, Joshua Norris - PK : Anthony Cirelli
Extra Defensemen
Normal : Kaiden Guhle, Samuel Girard, Devon Toews - PP : Ryan Suter - PK : Kaiden Guhle, Devon Toews
Penalty Shots
Nick Suzuki, Anthony Cirelli, Pierre-Luc Dubois, Ryan O'Reilly, Tom Wilson
Scratches
Spencer Knight (Healthy)
Vegas Golden Knights
5 vs 5 Forward
Center Left Wing Right Wing Time % Phy DF OF
1 Auston Matthews Bryan Rust Mathew Barzal 30 1 2 2
2 Sean Monahan Johnny Gaudreau Tyler Toffoli 30 1 2 2
3 Joe Pavelski Jordan Staal Danton Heinen 25 1 2 2
4 Pierre-edouard Bellemare Cole Smith Danton Heinen 15 1 2 2
5 vs 5 Defense
Defense Defense Time % Phy DF OF
1 Roman Josi Shea Theodore 30 1 2 2
2 Marc-Edouard Vlasic Thomas Chabot 30 1 2 2
3 Brendan Smith Ryan Graves 25 1 2 2
4 Shea Theodore Roman Josi 15 1 2 2
PowerPlay Forward
Center Left Wing Right Wing Time % Phy DF OF
1 Auston Matthews Bryan Rust Mathew Barzal 50 1 2 2
2 Sean Monahan Johnny Gaudreau Tyler Toffoli 50 1 2 2
PowerPlay Defense
Defense Defense Time % Phy DF OF
1 Roman Josi Joe Pavelski 50 1 2 2
2 Thomas Chabot Reilly Smith 50 1 2 2
Penalty Kill 4 Players Forward
Center Wing Time % Phy DF OF
1 Jordan Staal Danton Heinen 50 1 2 2
2 Pierre-edouard Bellemare Cole Smith 50 1 2 2
Penalty Kill 4 Players Defense
Defense Defense Time % Phy DF OF
1 Marc-Edouard Vlasic Shea Theodore 50 1 2 2
2 Brendan Smith Ryan Graves 50 1 2 2
Penalty Kill - 3 Players Forward
Forward Time % Phy DF OF
1 Jordan Staal 50 1 2 2
2 Pierre-edouard Bellemare 50 1 2 2
Penalty Kill - 3 Players Defense
Defense Defense Time % Phy DF OF
1 Marc-Edouard Vlasic Shea Theodore 50 1 2 2
2 Brendan Smith Ryan Graves 50 1 2 2
4 vs 4 Forward
Center Wing Time % Phy DF OF
1 Auston Matthews Mathew Barzal 50 1 2 2
2 Sean Monahan Tyler Toffoli 50 1 2 2
4 vs 4 Defense
Defense Defense Time % Phy DF OF
1 Roman Josi Shea Theodore 50 1 2 2
2 Thomas Chabot Ryan Graves 50 1 2 2
Last Minutes Offensive
Center Left Wing Right Wing Defense Defense
Auston Matthews Sean Monahan Mathew Barzal Roman Josi Thomas Chabot
Last Minutes Defensive
Center Left Wing Right Wing Defense Defense
Jordan Staal Bryan Rust Joe Pavelski Marc-Edouard Vlasic Shea Theodore
Goaltenders
Starting : Cayden Primeau
Backup : Semyon Varlamov
Extra Forwards
Normal : Sean Monahan, Auston Matthews, Bryan Rust - PP : Jordan Staal, Danton Heinen - PK : Bryan Rust
Extra Defensemen
Normal : Thomas Chabot, Roman Josi, Shea Theodore - PP : Shea Theodore - PK : Thomas Chabot, Roman Josi
Penalty Shots
Auston Matthews, Bryan Rust, Sean Monahan, Tyler Toffoli, Jordan Staal
Scratches
Denis Gurianov (Healthy), Matt Nieto (Healthy), Travis Hamonic (Healthy)
% Time on Ice - Hartford Whalers
Lines # - Real PCT - Wanted PCT - Time Play
Normal Forward
1 - 34% - 35% - 16:15
2 - 31% - 35% - 15:08
3 - 20% - 21% - 9:46
4 - 15% - 9% - 7:04
Normal Defense
1 - 30% - 30% - 14:30
2 - 30% - 30% - 14:28
3 - 29% - 25% - 13:48
4 - 11% - 15% - 5:27
PP Forward
1 - 50% - 50% - 2:58
2 - 50% - 50% - 2:59
PP Defense
1 - 46% - 50% - 2:43
2 - 54% - 50% - 3:14
PK Forward
1 - 50% - 50% - 2:50
2 - 50% - 50% - 2:52
PK Defense
1 - 51% - 50% - 2:54
2 - 49% - 50% - 2:48
PK3 Forward
1 - 0% - 50%
2 - 0% - 50%
PK3 Defense
1 - 0% - 50%
2 - 0% - 50%
44 Forward
1 - 0% - 50%
2 - 0% - 50%
44 Defense
1 - 0% - 50%
2 - 0% - 50%
Last Minute Offensive - 0:08
Last Minute Defensive - 0:00
Total
Forward - 60:00
Defense - 60:00
|
% Time on Ice - Vegas Golden Knights
Lines # - Real PCT - Wanted PCT - Time Play
Normal Forward
1 - 30% - 30% - 14:40
2 - 30% - 30% - 14:28
3 - 24% - 25% - 11:34
4 - 16% - 15% - 7:31
Normal Defense
1 - 28% - 30% - 13:25
2 - 32% - 30% - 15:22
3 - 27% - 25% - 13:13
4 - 13% - 15% - 6:13
PP Forward
1 - 49% - 50% - 2:48
2 - 51% - 50% - 2:54
PP Defense
1 - 55% - 50% - 3:08
2 - 45% - 50% - 2:34
PK Forward
1 - 51% - 50% - 3:01
2 - 49% - 50% - 2:56
PK Defense
1 - 53% - 50% - 3:08
2 - 47% - 50% - 2:49
PK3 Forward
1 - 0% - 50%
2 - 0% - 50%
PK3 Defense
1 - 0% - 50%
2 - 0% - 50%
44 Forward
1 - 0% - 50%
2 - 0% - 50%
44 Defense
1 - 0% - 50%
2 - 0% - 50%
Last Minute Offensive - 0:00
Last Minute Defensive - 0:08
Total
Forward - 60:00
Defense - 60:00
|
Play-by-Play
1st period
0:01 of 1st period - Auston Matthews wins face-off versus Nick Suzuki in neutral zone.
0:08 of 1st period - Snap shot by Mathew Barzal.
0:08 of 1st period - Stopped by John Gibson without a rebound.
0:09 of 1st period - Auston Matthews wins face-off versus Kaapo Kakko in Hartford Whalers zone.
0:10 of 1st period - Snap shot by Mathew Barzal.
0:10 of 1st period - Stopped by John Gibson with a rebound.
0:22 of 1st period - Wrist shot by Nick Suzuki.
0:22 of 1st period - Shot Misses the Net.
0:24 of 1st period - Snap shot by Kaapo Kakko.
0:24 of 1st period - Stopped by Cayden Primeau without a rebound.
0:25 of 1st period - Ryan O'Reilly wins face-off versus Sean Monahan in Vegas Golden Knights zone.
0:30 of 1st period - Wrist shot by Ryan O'Reilly.
0:30 of 1st period - Stopped by Cayden Primeau without a rebound.
0:31 of 1st period - Ryan O'Reilly wins face-off versus Sean Monahan in Vegas Golden Knights zone.
0:36 of 1st period - Wrist shot by Ryan O'Reilly.
0:36 of 1st period - Shot Misses the Net.
0:42 of 1st period - Ryan O'Reilly is hit by Johnny Gaudreau.
1:36 of 1st period - Minor Penalty to Kaiden Guhle for Delaying the game.
1:37 of 1st period - Ryan O'Reilly wins face-off versus Auston Matthews in Hartford Whalers zone.
1:42 of 1st period - Wrist shot by Ryan O'Reilly.
1:42 of 1st period - Stopped by Cayden Primeau with a rebound.
2:03 of 1st period - Tyler Toffoli is hit by Joshua Norris and loses puck.
2:37 of 1st period - Snap shot by Tyler Toffoli.
2:37 of 1st period - Stopped by John Gibson with a rebound.
2:41 of 1st period - Wrist shot by Tyler Toffoli.
2:41 of 1st period - Goal by Tyler Toffoli - Hartford Whalers : 0 - Vegas Golden Knights : 1.
2:42 of 1st period - Nick Suzuki wins face-off versus Pierre-edouard Bellemare in neutral zone.
2:49 of 1st period - Snap shot by Pierre-edouard Bellemare.
2:49 of 1st period - Stopped by John Gibson with a rebound.
2:51 of 1st period - Slapshot by Brendan Smith.
2:51 of 1st period - Stopped by John Gibson without a rebound.
2:52 of 1st period - Nick Suzuki wins face-off versus Pierre-edouard Bellemare in Hartford Whalers zone.
2:52 of 1st period - Nick Suzuki is hit by Cole Smith.
3:40 of 1st period - Snap shot by Pierre-edouard Bellemare.
3:40 of 1st period - Shot Misses the Net.
3:42 of 1st period - Snap shot by Brendan Smith.
3:42 of 1st period - Stopped by John Gibson without a rebound.
3:43 of 1st period - Ryan O'Reilly wins face-off versus Sean Monahan in Hartford Whalers zone.
3:48 of 1st period - Sean Monahan is hit by Charlie McAvoy and loses puck.
4:29 of 1st period - Icing by Joshua Norris.
4:30 of 1st period - Morgan Frost wins face-off versus Joe Pavelski in Hartford Whalers zone.
4:55 of 1st period - Devon Toews is hit by Tyler Toffoli and loses puck.
4:59 of 1st period - Icing by Devon Toews.
5:00 of 1st period - Ryan O'Reilly wins face-off versus Sean Monahan in Hartford Whalers zone.
5:25 of 1st period - Snap shot by Ryan O'Reilly.
5:25 of 1st period - Deflect By Tom Wilson.
5:25 of 1st period - Stopped by Cayden Primeau with a rebound.
6:13 of 1st period - Wrist shot by Tyler Toffoli.
6:13 of 1st period - Stopped by John Gibson without a rebound.
6:14 of 1st period - Jordan Staal wins face-off versus Nick Suzuki in Hartford Whalers zone.
6:19 of 1st period - Snap shot by Joe Pavelski.
6:19 of 1st period - Stopped by John Gibson without a rebound.
6:20 of 1st period - Joe Pavelski wins face-off versus Nick Suzuki in Hartford Whalers zone.
6:27 of 1st period - Snap shot by Nick Suzuki.
6:27 of 1st period - Shot Misses the Net.
6:31 of 1st period - Wrist shot by Nick Suzuki.
6:31 of 1st period - Stopped by Cayden Primeau without a rebound.
6:32 of 1st period - Joshua Norris wins face-off versus Auston Matthews in Vegas Golden Knights zone.
6:48 of 1st period - Minor Penalty to Charlie McAvoy for Tripping.
6:49 of 1st period - Joshua Norris wins face-off versus Auston Matthews in Hartford Whalers zone.
7:27 of 1st period - Wrist shot by Johnny Gaudreau.
7:27 of 1st period - Goal by Johnny Gaudreau - Hartford Whalers : 0 - Vegas Golden Knights : 2.
7:28 of 1st period - Nick Suzuki wins face-off versus Bryan Rust in neutral zone.
7:33 of 1st period - Slapshot by Kaapo Kakko.
7:33 of 1st period - Stopped by Cayden Primeau with a rebound.
7:35 of 1st period - Wrist shot by Nick Suzuki.
7:35 of 1st period - Shot Misses the Net.
7:41 of 1st period - Snap shot by Nick Suzuki.
7:41 of 1st period - Shot Misses the Net.
7:43 of 1st period - Slapshot by Samuel Girard.
7:43 of 1st period - Shot Misses the Net.
8:00 of 1st period - Wrist shot by Joshua Norris.
8:00 of 1st period - Stopped by Cayden Primeau with a rebound.
8:16 of 1st period - Snap shot by Tyler Toffoli.
8:16 of 1st period - Shot Blocked by Charlie McAvoy.
8:53 of 1st period - Snap shot by Auston Matthews.
8:53 of 1st period - Stopped by John Gibson without a rebound.
8:54 of 1st period - Nick Suzuki wins face-off versus Mathew Barzal in Hartford Whalers zone.
9:09 of 1st period - Snap shot by Kaapo Kakko.
9:09 of 1st period - Stopped by Cayden Primeau with a rebound.
9:29 of 1st period - Wrist shot by Roman Josi.
9:29 of 1st period - Shot Blocked by Samuel Girard.
9:31 of 1st period - Slapshot by Shea Theodore.
9:31 of 1st period - Deflect By Joe Pavelski.
9:31 of 1st period - Stopped by John Gibson with a rebound.
10:02 of 1st period - Marc-Edouard Vlasic is hit by Devon Toews and loses puck.
11:33 of 1st period - Jordan Staal is hit by Charlie McAvoy and loses puck.
11:38 of 1st period - Snap shot by Nick Suzuki.
11:38 of 1st period - Deflect By Shea Theodore.
11:38 of 1st period - Stopped by Cayden Primeau without a rebound.
11:39 of 1st period - Nick Suzuki wins face-off versus Auston Matthews in Vegas Golden Knights zone.
11:42 of 1st period - Snap shot by Michael Carcone.
11:42 of 1st period - Shot Misses the Net.
12:23 of 1st period - Thomas Chabot is hit by Nick Suzuki and loses puck.
12:30 of 1st period - Snap shot by Michael Carcone.
12:30 of 1st period - Stopped by Cayden Primeau without a rebound.
12:31 of 1st period - Ryan O'Reilly wins face-off versus Auston Matthews in Vegas Golden Knights zone.
13:03 of 1st period - Wrist shot by Joshua Norris.
13:03 of 1st period - Shot Blocked by Roman Josi.
13:12 of 1st period - Icing by Joshua Norris.
13:13 of 1st period - Joshua Norris wins face-off versus Joe Pavelski in Hartford Whalers zone.
13:47 of 1st period - Minor Penalty to Thomas Chabot for Roughing.
13:48 of 1st period - Jordan Staal wins face-off versus Ryan O'Reilly in Vegas Golden Knights zone.
15:47 of 1st period - Penalty to Thomas Chabot is over, Thomas Chabot is back on ice.
15:58 of 1st period - Samuel Girard is hit by Johnny Gaudreau.
16:04 of 1st period - Slapshot by Devon Toews.
16:04 of 1st period - Shot Misses the Net.
16:16 of 1st period - Snap shot by Nick Suzuki.
16:16 of 1st period - Shot Misses the Net.
16:26 of 1st period - Ryan Suter is hit by Roman Josi and loses puck.
18:12 of 1st period - Kaiden Guhle is hit by Cole Smith and loses puck.
18:32 of 1st period - Icing by Miles Wood.
18:33 of 1st period - Jaden Schwartz wins face-off versus Sean Monahan in Hartford Whalers zone.
19:03 of 1st period - Snap shot by Joshua Norris.
19:03 of 1st period - Stopped by Cayden Primeau with a rebound.
19:54 of 1st period - Wrist shot by Pierre-edouard Bellemare.
19:54 of 1st period - Shot Misses the Net.
Goals for this period are 0 for Hartford Whalers vs 2 for Vegas Golden Knights.
Shots for this period are 11 for Hartford Whalers vs 12 for Vegas Golden Knights.
2nd period
0:01 of 2nd period - Ryan O'Reilly wins face-off versus Danton Heinen in neutral zone.
0:08 of 2nd period - Wrist shot by Joe Pavelski.
0:08 of 2nd period - Stopped by John Gibson with a rebound.
0:10 of 2nd period - Slapshot by Roman Josi.
0:10 of 2nd period - Shot Misses the Net.
0:12 of 2nd period - Slapshot by Roman Josi.
0:12 of 2nd period - Stopped by John Gibson with a rebound.
0:14 of 2nd period - Snap shot by Jordan Staal.
0:14 of 2nd period - Stopped by John Gibson with a rebound.
0:16 of 2nd period - Slapshot by Shea Theodore.
0:16 of 2nd period - Stopped by John Gibson with a rebound.
0:50 of 2nd period - Snap shot by Charlie McAvoy.
0:50 of 2nd period - Deflect By Johnny Gaudreau.
0:50 of 2nd period - Stopped by Cayden Primeau without a rebound.
0:51 of 2nd period - Joshua Norris wins face-off versus Sean Monahan in Vegas Golden Knights zone.
1:16 of 2nd period - Wrist shot by Danton Heinen.
1:16 of 2nd period - Deflect By Joe Pavelski.
1:16 of 2nd period - Shot Misses the Net.
1:16 of 2nd period - Puck is out of play.
1:17 of 2nd period - Joe Pavelski wins face-off versus Tom Wilson in Hartford Whalers zone.
1:22 of 2nd period - Wrist shot by Joe Pavelski.
1:22 of 2nd period - Deflect By Danton Heinen.
1:22 of 2nd period - Shot Blocked by Pierre-Luc Dubois.
1:22 of 2nd period - Puck is out of play.
1:23 of 2nd period - Ryan O'Reilly wins face-off versus Joe Pavelski in Hartford Whalers zone.
1:34 of 2nd period - Snap shot by Pierre-Luc Dubois.
1:34 of 2nd period - Shot Misses the Net.
2:13 of 2nd period - Marc-Edouard Vlasic is hit by Charlie McAvoy and loses puck.
3:37 of 2nd period - Slapshot by Nick Suzuki.
3:37 of 2nd period - Shot Blocked by Brendan Smith.
4:05 of 2nd period - Slapshot by Devon Toews.
4:05 of 2nd period - Stopped by Cayden Primeau without a rebound.
4:06 of 2nd period - Ryan O'Reilly wins face-off versus Sean Monahan in Vegas Golden Knights zone.
4:15 of 2nd period - Wrist shot by Johnny Gaudreau.
4:15 of 2nd period - Stopped by John Gibson with a rebound.
4:17 of 2nd period - Snap shot by Tyler Toffoli.
4:17 of 2nd period - Shot Misses the Net.
4:29 of 2nd period - Slapshot by Charlie McAvoy.
4:29 of 2nd period - Stopped by Cayden Primeau without a rebound.
4:30 of 2nd period - Nick Suzuki wins face-off versus Auston Matthews in Vegas Golden Knights zone.
4:55 of 2nd period - Ryan Suter is hit by Jordan Staal and loses puck.
5:06 of 2nd period - Snap shot by Jordan Staal.
5:06 of 2nd period - Shot Misses the Net.
5:16 of 2nd period - Snap shot by Ryan O'Reilly.
5:16 of 2nd period - Shot Misses the Net.
5:22 of 2nd period - Anthony Cirelli is hit by Tyler Toffoli and loses puck.
5:27 of 2nd period - Snap shot by Tyler Toffoli.
5:27 of 2nd period - Stopped by John Gibson without a rebound.
5:28 of 2nd period - Michael Carcone wins face-off versus Pierre-edouard Bellemare in Hartford Whalers zone.
5:33 of 2nd period - Snap shot by Pierre-edouard Bellemare.
5:33 of 2nd period - Shot Misses the Net.
6:16 of 2nd period - Icing by Pierre-Luc Dubois.
6:17 of 2nd period - Joshua Norris wins face-off versus Auston Matthews in Hartford Whalers zone.
7:28 of 2nd period - Slapshot by Shea Theodore.
7:28 of 2nd period - Deflect By Morgan Frost.
7:28 of 2nd period - Stopped by John Gibson with a rebound.
7:30 of 2nd period - Snap shot by Bryan Rust.
7:30 of 2nd period - Shot Blocked by Ryan Suter.
7:59 of 2nd period - Icing by Nick Suzuki.
8:00 of 2nd period - Sean Monahan wins face-off versus Nick Suzuki in Hartford Whalers zone.
8:03 of 2nd period - Snap shot by Johnny Gaudreau.
8:03 of 2nd period - Stopped by John Gibson with a rebound.
8:09 of 2nd period - Wrist shot by Michael Carcone.
8:09 of 2nd period - Shot Misses the Net.
8:11 of 2nd period - Slapshot by Kaiden Guhle.
8:11 of 2nd period - Stopped by Cayden Primeau with a rebound.
8:13 of 2nd period - Snap shot by Ryan Suter.
8:13 of 2nd period - Shot Misses the Net.
8:15 of 2nd period - Wrist shot by Nick Suzuki.
8:15 of 2nd period - Shot Misses the Net.
8:32 of 2nd period - Minor Penalty to Charlie McAvoy for Holding.
8:33 of 2nd period - Auston Matthews wins face-off versus Joshua Norris in Hartford Whalers zone.
10:32 of 2nd period - Penalty to Charlie McAvoy is over, Charlie McAvoy is back on ice.
11:13 of 2nd period - Snap shot by Pierre-Luc Dubois.
11:13 of 2nd period - Shot Blocked by Reilly Smith.
11:15 of 2nd period - Snap shot by Josh Anderson.
11:15 of 2nd period - Shot Misses the Net.
11:17 of 2nd period - Snap shot by Seth Jones.
11:17 of 2nd period - Shot Blocked by Danton Heinen.
11:19 of 2nd period - Slapshot by Ryan Suter.
11:19 of 2nd period - Deflect By Charlie McAvoy.
11:19 of 2nd period - Deflect By Thomas Chabot.
11:19 of 2nd period - Stopped by Cayden Primeau with a rebound.
11:39 of 2nd period - Wrist shot by Pierre-Luc Dubois.
11:39 of 2nd period - Goal by Pierre-Luc Dubois - Hartford Whalers : 1 - Vegas Golden Knights : 2.
11:40 of 2nd period - Nick Suzuki wins face-off versus Auston Matthews in neutral zone.
11:53 of 2nd period - Roman Josi is hit by Nick Suzuki and loses puck.
12:40 of 2nd period - Snap shot by Ryan O'Reilly.
12:40 of 2nd period - Goal by Ryan O'Reilly - Hartford Whalers : 2 - Vegas Golden Knights : 2.
12:41 of 2nd period - Joe Pavelski wins face-off versus Ryan O'Reilly in neutral zone.
12:48 of 2nd period - Wrist shot by Joe Pavelski.
12:48 of 2nd period - Goal by Joe Pavelski - Hartford Whalers : 2 - Vegas Golden Knights : 3.
12:49 of 2nd period - Ryan O'Reilly wins face-off versus Auston Matthews in neutral zone.
12:52 of 2nd period - Snap shot by Tom Wilson.
12:52 of 2nd period - Stopped by Cayden Primeau without a rebound.
12:53 of 2nd period - Auston Matthews wins face-off versus Pierre-Luc Dubois in Vegas Golden Knights zone.
13:02 of 2nd period - Devon Toews is hit by Roman Josi.
13:10 of 2nd period - Slapshot by Auston Matthews.
13:10 of 2nd period - Shot Blocked by Samuel Girard.
13:24 of 2nd period - Slapshot by Shea Theodore.
13:24 of 2nd period - Shot Misses the Net.
13:26 of 2nd period - Slapshot by Shea Theodore.
13:26 of 2nd period - Shot Misses the Net.
13:28 of 2nd period - Slapshot by Shea Theodore.
13:28 of 2nd period - Shot Blocked by Devon Toews.
13:42 of 2nd period - Slapshot by Joshua Norris.
13:42 of 2nd period - Shot Misses the Net.
13:44 of 2nd period - Snap shot by Anthony Cirelli.
13:44 of 2nd period - Shot Misses the Net.
13:46 of 2nd period - Snap shot by Joshua Norris.
13:46 of 2nd period - Shot Blocked by Tyler Toffoli.
13:54 of 2nd period - Snap shot by Anthony Cirelli.
13:54 of 2nd period - Stopped by Cayden Primeau without a rebound.
13:55 of 2nd period - Joe Pavelski wins face-off versus Tom Wilson in Vegas Golden Knights zone.
14:01 of 2nd period - Snap shot by Joe Pavelski.
14:01 of 2nd period - Deflect By Charlie McAvoy.
14:01 of 2nd period - Shot Blocked by Seth Jones.
14:01 of 2nd period - Puck is out of play.
14:02 of 2nd period - Ryan O'Reilly wins face-off versus Joe Pavelski in Hartford Whalers zone.
14:07 of 2nd period - Slapshot by Joe Pavelski.
14:07 of 2nd period - Shot Misses the Net.
14:14 of 2nd period - Icing by Charlie McAvoy.
14:15 of 2nd period - Auston Matthews wins face-off versus Ryan O'Reilly in Hartford Whalers zone.
14:49 of 2nd period - Snap shot by Shea Theodore.
14:49 of 2nd period - Shot Misses the Net.
14:51 of 2nd period - Slapshot by Sean Monahan.
14:51 of 2nd period - Shot Misses the Net.
15:23 of 2nd period - Devon Toews is hit by Mathew Barzal.
15:45 of 2nd period - Brendan Smith is hit by Kaiden Guhle and loses puck.
17:04 of 2nd period - Joe Pavelski is hit by Nick Suzuki and loses puck.
17:31 of 2nd period - Snap shot by Auston Matthews.
17:31 of 2nd period - Goal by Auston Matthews - Hartford Whalers : 2 - Vegas Golden Knights : 4.
17:32 of 2nd period - Sean Monahan wins face-off versus Ryan O'Reilly in neutral zone.
17:39 of 2nd period - Pierre-Luc Dubois is hit by Tyler Toffoli and loses puck.
17:59 of 2nd period - Bryan Rust is hit by Nick Suzuki and loses puck.
18:42 of 2nd period - Snap shot by Tyler Toffoli.
18:42 of 2nd period - Stopped by John Gibson without a rebound.
18:43 of 2nd period - Morgan Frost wins face-off versus Sean Monahan in Hartford Whalers zone.
19:07 of 2nd period - Johnny Gaudreau is hit by Samuel Girard and loses puck.
19:24 of 2nd period - Slapshot by Tyler Toffoli.
19:24 of 2nd period - Stopped by John Gibson with a rebound.
19:40 of 2nd period - Wrist shot by Jaden Schwartz.
19:40 of 2nd period - Stopped by Cayden Primeau without a rebound.
19:41 of 2nd period - Mathew Barzal wins face-off versus Ryan O'Reilly in Vegas Golden Knights zone.
19:46 of 2nd period - Wrist shot by Auston Matthews.
19:46 of 2nd period - Shot Misses the Net.
Goals for this period are 2 for Hartford Whalers vs 2 for Vegas Golden Knights.
Shots for this period are 10 for Hartford Whalers vs 12 for Vegas Golden Knights.
3rd period
0:01 of 3rd period - Ryan O'Reilly wins face-off versus Joe Pavelski in neutral zone.
0:04 of 3rd period - Roman Josi is hit by Pierre-Luc Dubois and loses puck.
0:25 of 3rd period - Charlie McAvoy is hit by Bryan Rust and loses puck.
1:03 of 3rd period - Ryan Suter is hit by Ryan Graves and loses puck.
1:12 of 3rd period - Snap shot by Sean Monahan.
1:12 of 3rd period - Deflect By Tyler Toffoli.
1:12 of 3rd period - Shot Misses the Net.
1:12 of 3rd period - Puck is out of play.
1:13 of 3rd period - Joe Pavelski wins face-off versus Ryan O'Reilly in Hartford Whalers zone.
1:13 of 3rd period - Roman Josi is hit by Ryan Suter and loses puck.
1:40 of 3rd period - Auston Matthews is hit by Michael Carcone and loses puck.
1:49 of 3rd period - Slapshot by Charlie McAvoy.
1:49 of 3rd period - Shot Misses the Net.
1:51 of 3rd period - Slapshot by Charlie McAvoy.
1:51 of 3rd period - Deflect By Nick Suzuki.
1:51 of 3rd period - Goal by Nick Suzuki - Hartford Whalers : 3 - Vegas Golden Knights : 4.
1:52 of 3rd period - Ryan O'Reilly wins face-off versus Pierre-edouard Bellemare in neutral zone.
2:26 of 3rd period - Backhand shot by Nick Suzuki.
2:26 of 3rd period - Stopped by Cayden Primeau with a rebound.
2:40 of 3rd period - Wrist shot by Sean Monahan.
2:40 of 3rd period - Shot Misses the Net.
3:10 of 3rd period - Wrist shot by Pierre-Luc Dubois.
3:10 of 3rd period - Shot Misses the Net.
3:38 of 3rd period - Shea Theodore is hit by Kaapo Kakko and loses puck.
4:27 of 3rd period - Seth Jones is hit by Jordan Staal and loses puck.
4:33 of 3rd period - Icing by Anthony Cirelli.
4:34 of 3rd period - Joshua Norris wins face-off versus Joe Pavelski in Hartford Whalers zone.
5:10 of 3rd period - Snap shot by Thomas Chabot.
5:10 of 3rd period - Stopped by John Gibson with a rebound.
5:12 of 3rd period - Slapshot by Jordan Staal.
5:12 of 3rd period - Stopped by John Gibson with a rebound.
5:14 of 3rd period - Snap shot by Danton Heinen.
5:14 of 3rd period - Shot Misses the Net.
5:16 of 3rd period - Wrist shot by Joe Pavelski.
5:16 of 3rd period - Deflect By Jordan Staal.
5:16 of 3rd period - Stopped by John Gibson with a rebound.
5:18 of 3rd period - Slapshot by Thomas Chabot.
5:18 of 3rd period - Shot Blocked by Charlie McAvoy.
5:20 of 3rd period - Slapshot by Thomas Chabot.
5:20 of 3rd period - Shot Hit the Post.
5:22 of 3rd period - Wrist shot by Jordan Staal.
5:22 of 3rd period - Shot Misses the Net.
5:38 of 3rd period - Backhand shot by Jordan Staal.
5:38 of 3rd period - Stopped by John Gibson without a rebound.
5:39 of 3rd period - Ryan O'Reilly wins face-off versus Auston Matthews in Hartford Whalers zone.
5:48 of 3rd period - Backhand shot by Pierre-Luc Dubois.
5:48 of 3rd period - Stopped by Cayden Primeau without a rebound.
5:49 of 3rd period - Auston Matthews wins face-off versus Ryan O'Reilly in Vegas Golden Knights zone.
5:53 of 3rd period - Off-side.
5:54 of 3rd period - Nick Suzuki wins face-off versus Auston Matthews in neutral zone.
6:03 of 3rd period - Snap shot by Mathew Barzal.
6:03 of 3rd period - Deflect By Auston Matthews.
6:03 of 3rd period - Shot Blocked by Kaapo Kakko.
6:03 of 3rd period - Puck is out of play.
6:04 of 3rd period - Auston Matthews wins face-off versus Nick Suzuki in Hartford Whalers zone.
6:13 of 3rd period - Wrist shot by Auston Matthews.
6:13 of 3rd period - Shot Misses the Net.
6:15 of 3rd period - Slapshot by Shea Theodore.
6:15 of 3rd period - Shot Misses the Net.
6:17 of 3rd period - Snap shot by Roman Josi.
6:17 of 3rd period - Shot Misses the Net.
6:19 of 3rd period - Snap shot by Roman Josi.
6:19 of 3rd period - Shot Misses the Net.
6:31 of 3rd period - Wrist shot by Bryan Rust.
6:31 of 3rd period - Goal by Bryan Rust - Hartford Whalers : 3 - Vegas Golden Knights : 5.
6:32 of 3rd period - Pierre-edouard Bellemare wins face-off versus Ryan O'Reilly in neutral zone.
6:59 of 3rd period - Charlie McAvoy is hit by Roman Josi and loses puck.
7:14 of 3rd period - Minor Penalty to Michael Carcone for Boarding.
7:15 of 3rd period - Joshua Norris wins face-off versus Auston Matthews in Hartford Whalers zone.
7:58 of 3rd period - Snap shot by Johnny Gaudreau.
7:58 of 3rd period - Deflect By Charlie McAvoy.
7:58 of 3rd period - Stopped by John Gibson without a rebound.
7:59 of 3rd period - Joshua Norris wins face-off versus Tyler Toffoli in Hartford Whalers zone.
7:59 of 3rd period - Joshua Norris is hit by Sean Monahan.
9:12 of 3rd period - Auston Matthews is hit by Samuel Girard and loses puck.
9:14 of 3rd period - Penalty to Michael Carcone is over, Michael Carcone is back on ice.
9:19 of 3rd period - Snap shot by Miles Wood.
9:19 of 3rd period - Deflect By Joshua Norris.
9:19 of 3rd period - Shot Blocked by Roman Josi.
9:19 of 3rd period - Puck is out of play.
9:20 of 3rd period - Nick Suzuki wins face-off versus Pierre-edouard Bellemare in Vegas Golden Knights zone.
9:35 of 3rd period - Snap shot by Pierre-edouard Bellemare.
9:35 of 3rd period - Stopped by John Gibson with a rebound.
10:25 of 3rd period - Icing by Ryan Suter.
10:26 of 3rd period - Josh Anderson wins face-off versus Danton Heinen in Hartford Whalers zone.
10:26 of 3rd period - Josh Anderson is hit by Danton Heinen.
10:38 of 3rd period - Slapshot by Joshua Norris.
10:38 of 3rd period - Shot Blocked by Joe Pavelski.
10:40 of 3rd period - Snap shot by Ryan Suter.
10:40 of 3rd period - Shot Misses the Net.
10:42 of 3rd period - Slapshot by Kaiden Guhle.
10:42 of 3rd period - Shot Misses the Net.
10:44 of 3rd period - Snap shot by Kaiden Guhle.
10:44 of 3rd period - Shot Blocked by Shea Theodore.
10:46 of 3rd period - Slapshot by Joshua Norris.
10:46 of 3rd period - Shot Misses the Net.
10:48 of 3rd period - Wrist shot by Joshua Norris.
10:48 of 3rd period - Shot Hit the Post.
10:50 of 3rd period - Snap shot by Anthony Cirelli.
10:50 of 3rd period - Shot Misses the Net.
10:52 of 3rd period - Slapshot by Ryan Suter.
10:52 of 3rd period - Shot Misses the Net.
10:54 of 3rd period - Wrist shot by Joshua Norris.
10:54 of 3rd period - Stopped by Cayden Primeau with a rebound.
10:56 of 3rd period - Slapshot by Ryan Suter.
10:56 of 3rd period - Stopped by Cayden Primeau without a rebound.
10:57 of 3rd period - Ryan O'Reilly wins face-off versus Sean Monahan in Vegas Golden Knights zone.
11:00 of 3rd period - Slapshot by Tom Wilson.
11:00 of 3rd period - Stopped by Cayden Primeau with a rebound.
11:31 of 3rd period - Slapshot by Pierre-Luc Dubois.
11:31 of 3rd period - Shot Misses the Net.
11:33 of 3rd period - Snap shot by Ryan O'Reilly.
11:33 of 3rd period - Goal by Ryan O'Reilly - Hartford Whalers : 4 - Vegas Golden Knights : 5.
11:34 of 3rd period - Auston Matthews wins face-off versus Nick Suzuki in neutral zone.
12:05 of 3rd period - Snap shot by Johnny Gaudreau.
12:05 of 3rd period - Stopped by John Gibson without a rebound.
12:06 of 3rd period - Sean Monahan wins face-off versus Ryan O'Reilly in Hartford Whalers zone.
12:07 of 3rd period - Wrist shot by Tyler Toffoli.
12:07 of 3rd period - Deflect By Pierre-Luc Dubois.
12:07 of 3rd period - Shot Blocked by Seth Jones.
12:07 of 3rd period - Puck is out of play.
12:08 of 3rd period - Joe Pavelski wins face-off versus Ryan O'Reilly in Hartford Whalers zone.
12:23 of 3rd period - Wrist shot by Tom Wilson.
12:23 of 3rd period - Stopped by Cayden Primeau with a rebound.
12:39 of 3rd period - Wrist shot by Michael Carcone.
12:39 of 3rd period - Stopped by Cayden Primeau with a rebound.
12:41 of 3rd period - Backhand shot by Michael Carcone.
12:41 of 3rd period - Stopped by Cayden Primeau with a rebound.
12:43 of 3rd period - Snap shot by Devon Toews.
12:43 of 3rd period - Deflect By Nick Suzuki.
12:43 of 3rd period - Shot Misses the Net.
12:43 of 3rd period - Puck is out of play.
12:44 of 3rd period - Ryan O'Reilly wins face-off versus Sean Monahan in Vegas Golden Knights zone.
12:45 of 3rd period - Wrist shot by Tom Wilson.
12:45 of 3rd period - Deflect By Ryan O'Reilly.
12:45 of 3rd period - Shot Misses the Net.
12:45 of 3rd period - Puck is out of play.
12:46 of 3rd period - Sean Monahan wins face-off versus Ryan O'Reilly in Vegas Golden Knights zone.
13:41 of 3rd period - Wrist shot by Josh Anderson.
13:41 of 3rd period - Stopped by Cayden Primeau without a rebound.
13:42 of 3rd period - Sean Monahan wins face-off versus Tom Wilson in Vegas Golden Knights zone.
14:09 of 3rd period - Off-side.
14:10 of 3rd period - Pierre-edouard Bellemare wins face-off versus Nick Suzuki in neutral zone.
14:31 of 3rd period - Slapshot by Ryan Graves.
14:31 of 3rd period - Stopped by John Gibson with a rebound.
14:37 of 3rd period - Ryan Graves is hit by Nick Suzuki and loses puck.
15:27 of 3rd period - Snap shot by Nick Suzuki.
15:27 of 3rd period - Stopped by Cayden Primeau without a rebound.
15:28 of 3rd period - Bryan Rust wins face-off versus Joshua Norris in Vegas Golden Knights zone.
15:30 of 3rd period - Minor Penalty to Roman Josi for Tripping.
15:31 of 3rd period - Pierre-Luc Dubois wins face-off versus Jordan Staal in Vegas Golden Knights zone.
15:59 of 3rd period - Snap shot by Tom Wilson.
15:59 of 3rd period - Shot Misses the Net.
17:30 of 3rd period - Penalty to Roman Josi is over, Roman Josi is back on ice.
17:52 of 3rd period - Minor Penalty to Brendan Smith for Interference.
17:53 of 3rd period - Pierre-edouard Bellemare wins face-off versus Tom Wilson in Vegas Golden Knights zone.
18:07 of 3rd period - Wrist shot by Pierre-edouard Bellemare.
18:07 of 3rd period - Stopped by John Gibson with a rebound.
19:03 of 3rd period - Thomas Chabot is hit by Tom Wilson and loses puck.
19:20 of 3rd period - Danton Heinen is hit by Samuel Girard and loses puck.
19:43 of 3rd period - Hartford Whalers, John Gibson is pulled from the net.
19:43 of 3rd period - Slapshot by Ryan O'Reilly.
19:43 of 3rd period - Shot Misses the Net.
19:45 of 3rd period - Wrist shot by Kaapo Kakko.
19:45 of 3rd period - Shot Blocked by Bryan Rust.
19:47 of 3rd period - Backhand shot by Josh Anderson.
19:47 of 3rd period - Stopped by Cayden Primeau with a rebound.
19:49 of 3rd period - Snap shot by Kaiden Guhle.
19:49 of 3rd period - Deflect By Morgan Frost.
19:49 of 3rd period - Shot Blocked by Shea Theodore.
19:49 of 3rd period - Puck is out of play.
19:50 of 3rd period - Paul Maurice call a timeout for Hartford Whalers.
19:50 of 3rd period - Morgan Frost wins face-off versus Bryan Rust in Vegas Golden Knights zone.
19:51 of 3rd period - Snap shot by Josh Anderson.
19:51 of 3rd period - Stopped by Cayden Primeau without a rebound.
19:52 of 3rd period - Penalty to Brendan Smith is over, Brendan Smith is back on ice.
19:52 of 3rd period - Nick Suzuki wins face-off versus Jordan Staal in Vegas Golden Knights zone.
19:53 of 3rd period - Snap shot by Kaapo Kakko.
19:53 of 3rd period - Deflect By Nick Suzuki.
19:53 of 3rd period - Shot Misses the Net.
19:53 of 3rd period - Puck is out of play.
19:54 of 3rd period - Jordan Staal wins face-off versus Nick Suzuki in Vegas Golden Knights zone.
19:54 of 3rd period - Jordan Staal is hit by Kaapo Kakko.
Goals for this period are 2 for Hartford Whalers vs 1 for Vegas Golden Knights.
Shots for this period are 14 for Hartford Whalers vs 10 for Vegas Golden Knights.
Back to the Top